 Dungeon Crawl Stone Soup version 0.20-a0-947-g2784f4f (webtiles) character file.

197 nikopol the Skirmisher (level 5, -6/34 HPs)
             Began as a Gargoyle Berserker on Apr 3, 2017.
             Was a Believer of Trog.
             Mangled by a mummy (10 damage)
             ... in an ossuary.
             The game lasted 00:06:39 (3211 turns).

nikopol the Skirmisher (Gargoyle Berserker)         Turns: 3211, Time: 00:06:39

Health: -6/34      AC:  9    Str: 21    XL:     5   Next: 75%
Magic:  5/5        EV: 11    Int:  7    God:    Trog [**....]
Gold:   186        SH:  0    Dex: 10    Spells: 4/4 levels left

rFire    . . .     SeeInvis .   a - +1 hand axe
rCold    . . .     Gourm    .   (no shield)
rNeg     + . .     Faith    .   r - +0 ring mail
rPois    ∞         Spirit   .   (no helmet)
rElec    +         Reflect  .   (no cloak)
rCorr    .         Harm     .   (no gloves)
MR       .....     Rnd*Tele +   (no boots)
Stlth    ..........             (no amulet)
Regen    0.2/turn               (no ring)
MPRegen  0.1/turn               k - ring of teleportation

@: exhausted, slowed, very slow
A: negative energy resistance 1, electricity resistance, unbreathing,
petrification resistance, rot immunity, AC +4
a: Berserk, Trog's Hand, Burn Spellbooks, Renounce Religion


You were in an ossuary.
You worshipped Trog.
Trog was pleased with you.
You were hungry.

You visited 1 branch of the dungeon, and saw 4 of its levels.
You also visited: Ossuary.

You collected 186 gold pieces.

Inventory:

Hand Weapons
 a - a +1 hand axe (weapon)
Missiles
 s - 21 arrows (quivered)
Armour
 b - a +0 animal skin
 g - a +0 leather armour
 r - a +0 ring mail (worn)
Jewellery
 k - a ring of teleportation (right hand)
Scrolls
 e - 4 scrolls of identify
 h - a scroll of magic mapping {unknown}
 n - a scroll of noise {unknown}
Potions
 f - a potion of agility {unknown}
 i - a potion of flight {unknown}
 j - a potion of magic {unknown}
 l - a potion of lignification {unknown}
 m - a potion of might {unknown}
 p - a potion of ambrosia {unknown}
 q - 2 potions of curing {unknown}
 t - 3 potions of degeneration {unknown}
 u - 2 potions of heal wounds {unknown}
Comestibles
 c - 2 bread rations
 d - 2 royal jellies
 v - 2 fruits


   Skills:
 + Level 4.5 Fighting
 + Level 3.6 Axes
 + Level 3.6 Armour
 + Level 2.6 Dodging


You had 4 spell levels left.
You didn't know any spells.

Dungeon Overview and Level Annotations

Branches:
Dungeon (4/15)
 Temple: D:4-7

Altars:
Ashenzari
Hepliaklqana
Makhleb
Okawaru
Xom
Zin

Shops:
D:4 !


Innate Abilities, Weirdness & Mutations

You are resistant to torment.
Your stone body is resilient. (AC +4)
You are immune to poison.
You resist negative energy. (rN+)
You are resistant to electric shocks. (rElec)
You can survive without breathing.
You are immune to petrification.
You are immune to rotting.


Message History

Trog accepts your kill.
The sentinel's mark upon you fades away.
The mummy hits you!
You slash the mummy!
The mummy is moderately damaged.
You barely miss the mummy. The mummy hits you but does no damage.
You slash the mummy!
You feel the power of Trog in you as your rage grows.
You destroy the mummy!
Trog accepts your kill.
You slash the mummy! The mummy hits you!
* * * LOW HITPOINT WARNING * * *
You feel a strong urge to attack something.
You are no longer berserk.
You are exhausted.
You feel yourself slow down.
Found a scroll of fear.
The mummy hits you!
You die...

### ?!! ?!! #.#
###+### #.#
##.....## ##.+
##.......###..#
#.........#..@+
+....⌠....'..M###
#....^....#...'.#
#.......###..###
##.....## ##.'.#
###'### #.### #.#
##.## ##.## #.!.#
#.∩.# #...#


You could see a mummy.

Vanquished Creatures
  An orc wizard (D:3)
  A worker ant (D:3)
  A big kobold zombie (Ossuary)
  3 mummies (Ossuary)
  An adder (D:2)
  3 worms
  3 dart slugs
  3 orcs (D:3)
  3 giant cockroaches
  8 goblins
  6 hobgoblins
  A quokka (D:2)
  A ball python (D:3)
  4 bats
  6 frilled lizards
  A goblin zombie (Ossuary)
  7 kobolds
  7 rats
60 creatures vanquished.

Vanquished Creatures (others)
  An orc wizard (D:3)
1 creature vanquished.

Grand Total: 61 creatures vanquished

Notes
Turn   | Place    | Note
-------+----------+-------------------------------------------
     0 | D:1      | nikopol the Gargoyle Berserker began the quest for the Orb.
     0 | D:1      | Reached XP level 1. HP: 14/14 MP: 1/1
   165 | D:1      | Reached XP level 2. HP: 19/19 MP: 2/2
   802 | D:1      | Reached ** piety under Trog
   802 | D:1      | Reached XP level 3. HP: 24/24 MP: 3/3
   864 | D:2      | Found a shattered altar of Ashenzari.
  1338 | D:2      | Found a hazy altar of Hepliaklqana.
  1724 | D:2      | Reached skill level 4 in Fighting
  1979 | D:3      | Found a shattered altar of Ashenzari.
  1994 | D:3      | Reached XP level 4. HP: 20/29 MP: 4/4
  2159 | D:3      | Found a shimmering altar of Xom.
  2181 | D:3      | Reached XP level 5. HP: 20/34 MP: 5/5
  2533 | D:3      | Found an iron altar of Okawaru.
  2751 | D:3      | Found a glowing silver altar of Zin.
  2751 | D:3      | Found a burning altar of Makhleb.
  2752 | D:3      | Noticed a green death
  2752 | D:3      | Noticed an angel
  2996 | D:4      | Found Viugi's Distillery.
  3069 | D:4      | Found a sand-covered staircase.
  3078 | Ossuary  | Entered an ossuary
  3211 | Ossuary  | Mangled by a mummy

Vault maps used:
D:1:      minmay_arrival_split_and_join
D:2:      old_standard_altar, lemuel_doored_altar, first_bread,
          roderic_roman_lattice
D:3:      grunt_temple_overflow_order_and_chaos_2, marbit_many_paths,
          xom_teletrap_fun, evilmike_ruin_ashenzari
D:4:      grunt_dithmenos_smoke_and_mirrors,
          chequers_temple_overflow_statue_of_worship, tgw_fedhas,
          lemuel_temple_firewalk_b, serial_shops, nicolae_shop_window_shopping,
          enter_ossuary_1, uniq_grinder
Ossuary:  ossuary_crypta

Skill      XL: |  1  2  3 |
---------------+----------+-----
Axes           | 3 |  3.6
Dodging        | 2 |  2.6
Fighting       | 4 |  4.5
Armour         | 3 |  3.6

Action                   |  1- 3 |  4- 6 || total
-------------------------+-------+-------++-------
Melee: Hand axe          |   142 |    98 ||   240
Invok: Berserk           |     1 |     1 ||     2
  Use: Scroll            |       |     8 ||     8
  Eat: Chunk             |     4 |     4 ||     8
Armor: Animal skin       |     8 |       ||     8
       Leather armour    |    34 |       ||    34
       Ring mail         |    11 |    41 ||    52
Dodge: Dodged            |    97 |    46 ||   143
